AoeStats
← miguelbarrero7

Lombardia

508076979Analyzed
4v4 RM · 13d ago on Sep 20, 2026· 49m 23s· 8 players
Game mode
Random Map
Map size
Large (8 player)
Population
200
Speed
Normal
Resources
Standard
Victory
Conquest
Starting age
Dark Age
Ending age
Imperial Age
RankedLock teamsTeams togetherTeam positionsShared explorationLock speedFull tech treeHidden civsTurbo modeCheats
Victory
Defeat
🇪🇸 Portuguese · Spain
1000
+14
🇪🇸 Poles · Spain
969
+16
🇪🇸 Goths · Spain
947
+17
🇪🇸 Italians · Spain
937
+17
🇺🇸 Khmer · United States
1000
-54
🇨🇳 Khitans · China
973
-16
🇨🇱 Bohemians · Chile
960
-16
🇦🇷 Bulgarians · Argentina
920
-14
jorgepuegu
3:02 Loom
10:59 Feudal Age
14:09 Fletching
15:19 Padded Archer Armor
20:36 Castle Age
27:18 Fervor
31:47 Bodkin Arrow
38:29 Imperial Age
37:22 Ballistics
38:02 Chemistry
37:17 Forging
37:12 Scale Barding Armor
39:37 Conscription
39:24 Hussite Reforms
40:21 Double-Bit Axe
41:26 Bow Saw
40:58 Horse Collar
43:18 Two-Man Saw
43:27 Wheelbarrow
42:38 Town Watch
43:09 Bracer
43:24 Leather Archer Armor
43:46 Heavy Plow
43:16 Elite Hussite Wagon
45:17 Ring Archer Armor
yulonglaile
0:59 Loom
14:20 Feudal Age
14:50 Double-Bit Axe
14:46 Domestication
16:09 Gold Mining
21:19 Stone Mining
22:36 Forging
24:37 Castle Age
26:10 Bow Saw
26:14 Husbandry
27:18 Iron Casting
28:09 Pastoralism
28:38 Caravan
31:12 Stone Shaft Mining
31:16 Wheelbarrow
32:34 Squires
32:20 Arson
32:42 Lamellar Armor
32:57 Treadmill Crane
38:31 Imperial Age
37:46 Scale Mail Armor
38:57 Chain Mail Armor
38:55 Fletching
39:40 Conscription
41:58 Ballistics
41:36 Murder Holes
43:20 Bodkin Arrow
eofh
2:55 Loom
10:36 Feudal Age
11:11 Double-Bit Axe
12:07 Horse Collar
12:56 Town Watch
18:36 Castle Age
19:30 Bloodlines
20:58 Light Cavalry
21:43 Husbandry
22:06 Heavy Plow
22:47 Wheelbarrow
22:45 Scale Barding Armor
24:31 Bow Saw
26:29 Forging
27:06 Gold Mining
29:12 Gold Shaft Mining
31:20 Chain Barding Armor
35:09 Imperial Age
34:31 Hand Cart
36:41 Iron Casting
36:45 Conscription
38:39 Ballistics
39:20 Chemistry
43:00 Siege Engineers
43:09 Hussar
43:20 Heavy Scorpion
49:00 Plate Barding Armor
Facuxx26
0:31 Loom
13:32 Feudal Age
15:42 Wheelbarrow
21:02 Castle Age
19:04 Stone Mining
18:56 Horse Collar
19:10 Double-Bit Axe
20:24 Gold Mining
23:32 Hand Cart
23:37 Bow Saw
24:31 Heavy Plow
31:41 Stone Shaft Mining
31:50 Thumb Ring
36:18 Imperial Age
35:56 Caravan
38:41 Conscription
37:56 Elite Konnik
40:10 Forging
40:06 Scale Barding Armor
39:49 Heavy Scorpion
40:27 Pikeman
44:04 Chain Barding Armor
43:45 Scale Mail Armor
49:28 Chemistry
48:46 Chain Mail Armor
Raguloso
4:36 Loom
10:29 Feudal Age
12:35 Double-Bit Axe
20:48 Castle Age
18:34 Town Watch
19:25 Wheelbarrow
19:05 Horse Collar
20:34 Bloodlines
21:01 Light Cavalry
21:50 Husbandry
21:59 Scale Barding Armor
22:55 Bow Saw
25:20 Forging
25:07 Fletching
25:36 Gold Mining
25:36 Stone Mining
28:15 Town Patrol
29:56 Heavy Plow
32:23 Szlachta Privileges
32:42 Chain Barding Armor
32:58 Iron Casting
32:23 Scale Mail Armor
34:07 Bodkin Arrow
39:03 Imperial Age
39:11 Cavalier
39:53 Winged Hussar
43:52 Caravan
49:00 Conscription
miguelbarrero7
10:43 Feudal Age
14:40 Castle Age
12:34 Horse Collar
12:41 Double-Bit Axe
16:47 Loom
18:52 Wheelbarrow
19:51 Heavy Plow
23:26 Bow Saw
23:26 Scale Mail Armor
24:05 Gold Mining
25:02 Chain Mail Armor
25:33 Stone Mining
26:08 Pikeman
26:49 Squires
27:12 Hand Cart
26:42 Town Watch
31:07 Imperial Age
29:04 Forging
30:15 Town Patrol
31:50 Iron Casting
31:16 Padded Archer Armor
31:06 Fletching
31:51 Ballistics
31:43 Masonry
31:53 Arson
33:15 Plate Mail Armor
35:02 Blast Furnace
35:16 Leather Archer Armor
34:57 Bodkin Arrow
36:05 Chemistry
38:42 Guilds
39:02 Coinage
38:33 Caravan
43:22 Ring Archer Armor
42:53 Bracer
45:45 Banking
48:03 Architecture
47:44 Scale Barding Armor
MrLennon
4:01 Loom
12:17 Feudal Age
16:07 Castle Age
15:18 Gold Mining
15:20 Double-Bit Axe
15:18 Horse Collar
18:23 Wheelbarrow
17:56 Heavy Plow
25:50 Hand Cart
26:21 Gold Mining
30:24 Pikeman
31:05 Squires
33:08 Forging
32:58 Scale Mail Armor
32:52 Stone Mining
34:53 Stone Shaft Mining
37:19 Imperial Age
38:42 Iron Casting
38:22 Chain Mail Armor
38:10 Anarchy
38:11 Perfusion
38:32 Halberdier
42:08 Elite Huskarl
44:22 Blast Furnace
45:23 Town Watch
Mito
4:49 Loom
11:23 Feudal Age
15:28 Castle Age
15:09 Double-Bit Axe
21:48 Horse Collar
31:21 Wheelbarrow
32:55 Redemption
33:06 Sanctity
33:16 Hand Cart
32:49 Town Watch
33:34 Fervor
39:26 Imperial Age
36:58 Town Patrol
41:07 Chemistry
40:26 Block Printing
40:48 Theocracy
40:42 Conscription
41:29 Siege Engineers
42:57 Treadmill Crane
43:27 Masonry
44:51 Arquebus
47:07 Coinage
46:47 Guilds
47:36 Architecture
47:02 Murder Holes
47:17 Fortified Wall
47:28 Ballistics
46:54 Elite Organ Gun
Connection lost

Rejoining the realm…

Still unreachable

The connection could not be restored.

Session expired

The server has moved on; the page needs a fresh start.